 Dungeon Crawl Stone Soup version 0.29.1-15-g9cfb28693d (webtiles) character file.

Game seed: 12837962363789341016

23866 Coron the Severer (level 13, 0/94 (122) HPs)
             Began as a Meteoran Fighter on Mar 23, 2023.
             Was an Initiate of Yredelemnul.
             Slain by a minotaur
             ... wielding a +2 mace of draining
              (4 damage)
             ... in a Gauntlet.
             The game lasted 00:42:47 (6075 turns).

Coron the Severer (Meteoran Fighter)                Turns: 6075, Time: 00:42:48

HP:   0/94 (122)    AC: 24    Str: 22    XL:     13   Next: 73%
MP:   14/14         EV: 10    Int:  9    God:    Yredelemnul [......]
Gold: 1146          SH: 13    Dex: 16    Spells: 12/12 levels left

rFire   . . .      SeeInvis .   r - +1 hand axe (vorpal)
rCold   + . .      Faith    .   I - +1 kite shield
rNeg    . . .      Spirit   .   A - +0 plate armour
rPois   .          Reflect  .   L - +0 helmet of Knowledge {rC+}
rElec   .          Harm     .   w - +2 cloak
rCorr   .          Rampage  .   (no gloves)
Will    +....      NoTele   +   (no boots)
Stlth   ..........              J - amulet of the acrobat
HPRegen 0.25/turn               i - +4 ring of evasion
MPRegen 0.14/turn               z - +4 ring of protection

@: mighty, hasted, glowing, heavily drained, very quick
A: sense surroundings 2, otherworldly, glowing, explore regen
a: Renounce Religion, Recall Undead Harvest


You were in a Gauntlet.
You worshipped Yredelemnul.
Yredelemnul was noncommittal.
You visited 3 branches of the dungeon, and saw 16 of its levels.
You also visited: Gauntlet.

You collected 1528 gold pieces.
You spent 382 gold pieces at shops.

Inventory:

Hand Weapons
 a - a +0 war axe of flaming
 r - a +1 vorpal hand axe (weapon)
Missiles
 g - 22 poisoned darts (quivered)
 s - 3 throwing nets
Armour
 c - a +0 buckler
 j - a +2 helmet
 u - a +0 chain mail
 w - a +2 cloak (worn)
 A - a +0 plate armour (worn)
 I - a +1 kite shield (worn)
 L - the +0 helmet of Knowledge (worn) {rC+}
   (You found it in a Gauntlet)

   rC:        It protects you from cold.
Jewellery
 i - a +4 ring of evasion (left hand)
 z - a +4 ring of protection (right hand)
 B - a ring of resist corrosion
 J - an amulet of the acrobat (around neck)
 M - a ring of magical power
Wands
 b - a wand of polymorph (6)
 E - a wand of paralysis (13)
 K - a wand of flame (4)
Scrolls
 e - a scroll of silence
 k - 5 scrolls of fear
 l - a scroll of brand weapon
 n - a scroll of amnesia
 o - 2 scrolls of blinking
 p - a scroll of noise {unknown}
 t - 5 scrolls of teleportation
 y - 3 scrolls of magic mapping
 D - a scroll of enchant armour
 F - a scroll of poison
 G - 2 scrolls of enchant weapon
Potions
 d - a potion of might
 f - 7 potions of curing
 m - a potion of haste
 q - 3 potions of mutation
 v - 2 potions of ambrosia
 x - a potion of magic
 C - a potion of flight
 H - a potion of cancellation


   Skills:
 + Level 13.0 Fighting
 - Level 16.0 Axes
 - Level 12.0 Armour
 - Level 10.0 Shields
 - Level 4.0 Evocations


You had 12 spell levels left.
You didn't know any spells.
Your spell library contained the following spells:

 Spells                   Type           Power      Damage    Failure   Level
 Beastly Appendage        Tmut           0%         N/A       100%        1
 Summon Small Mammal      Summ           0%         N/A       100%        1
 Poisonous Vapours        Pois/Air       0%         N/A       100%        2
 Wereblood                Tmut           0%         N/A       100%        2
 Call Canine Familiar     Summ           0%         N/A       100%        3
 Ignite Poison            Fire/Tmut/Pois 0%         N/A       100%        3
 Mephitic Cloud           Conj/Pois/Air  0%         N/A       100%        3
 Portal Projectile        Hex/Tloc       0%         N/A       100%        3
 Spider Form              Tmut/Pois      0%         N/A       100%        3
 Summon Guardian Golem    Hex/Summ       0%         N/A       100%        3
 Tukima's Dance           Hex            0%         N/A       100%        3
 Corpse Rot               Necr/Pois/Air  0%         N/A       100%        4
 Leda's Liquefaction      Hex/Erth       0%         N/A       100%        4
 Blade Hands              Tmut           0%         N/A       100%        5
 Freezing Cloud           Conj/Ice/Air   0%         6-21      100%        5


Dungeon Overview and Level Annotations

Branches:
Dungeon (11/15) Zot: 1579  Temple (0/1) D:5            Lair (3/5) D:8 Zot: 1546
  Swamp (0/4) Lair:3        Snake (0/4) Lair:3          Orc (2/2) D:10 Zot: 652
    Elf (0/3) Orc:2       Gauntlet (1/1) Zot: 412

Altars:
Cheibriados
Dithmenos
Elyvilon
Trog
Xom
Yredelemnul
Zin

Shops:
Orc:2 ?(

Annotations:
Orc:2 1 runed translucent door, ChrisAssaf1981's ghost, journeyman DjAE Gauntlet 6 transporters


Innate Abilities, Weirdness & Mutations

You passively map the area around you.
You are easily found by Zot.
You glow in the dark.
You regain HP and MP as you explore.


Message History

You hit the minotaur.
The minotaur is moderately wounded.
The minotaur completely misses you.
The minotaur gores you but does no damage.
You hit the minotaur but do no damage.
The minotaur is moderately wounded.
You hit the minotaur.
The minotaur is heavily wounded.
The minotaur hits you with a +2 mace of draining.
You feel drained. You block the minotaur's attack.
You hit the minotaur.
The minotaur is heavily wounded.
You hit the minotaur but do no damage.
The minotaur is heavily wounded.
You block the minotaur's attack.
The minotaur gores you but does no damage.
You hit the minotaur.
The minotaur is heavily wounded.
You slash the minotaur!
The minotaur is severely wounded.
You block the minotaur's attack. x2
You barely miss the minotaur.
The minotaur is severely wounded.
You hit the minotaur but do no damage.
The minotaur is severely wounded.
The minotaur hits you with a +2 mace of draining!!
* * * LOW HITPOINT WARNING * * *
You feel drained.
* * * LOW HITPOINT WARNING * * *
You block the minotaur's attack.
You barely miss the minotaur.
The minotaur furiously retaliates!
The minotaur headbutts you.
* * * LOW HITPOINT WARNING * * *
The minotaur is severely wounded.
You feel better.
The minotaur hits you with a +2 mace of draining!
* * * LOW HITPOINT WARNING * * *
You feel drained.
You die...
Your body rises from the dead as a mindless zombie.

#...#.###..§#
#.##.##©#..##
###.#...#..≈#
##..##..#..## ## ##*
#...©##.#..≈#####.#
.., #########..###..
.##.# ,
#..........##..# ...,*
#########..#...##.#*
**,
#.pY##..#..#....@H# *
,
###YY.#.#.8#.©.##....#
, #Y.#..#"#..#...#
.##.# *
#..#©#!©#.∩#.©....# '.
#.#..#.[#..#...##..
*#** *
#.#...###.8#.©.# .## ,
* #..##...#..#.... .#
, * #########..#...#
.. * ,*
#..........##..# , * *


You could see a minotaur.

Vanquished Creatures
  A balrug (Gauntlet)
  2 two-headed ogres (D:10)
  An orc knight (Orc:2)
  2 orc sorcerers
  2 ugly things
  A will-o-the-wisp (Lair:3)
  Maurice (D:9)
  3 elephants (Lair:3)
  2 cane toads
  A kobold demonologist (D:10)
  Psyche (D:9)
  A komodo dragon (Lair:2)
  An efreet (D:10)
  A tengu conjurer (D:9)
  3 trolls
  A queen bee (Gauntlet)
  Grinder (D:3)
  2 shadows
  2 centaur simulacra (Gauntlet)
  2 wyverns
  21 yaks
  2 steam dragons
  A warg (Orc:2)
  A vampire mosquito (D:6)
  An acid dragon (D:10)
  2 water moccasins
  3 sky beasts
  16 orc warriors
  A black bear (D:6)
  An ice dragon simulacrum (Gauntlet)
  5 ogres
  3 wolves (Lair:3)
  2 centaurs (D:8)
  2 phantoms (D:6)
  A kobold brigand (D:8)
  8 bullfrogs
  3 gnoll sergeants
  4 scorpions
  A necrophage (D:6)
  13 wights
  A hornet simulacrum (Gauntlet)
  16 killer bees
  2 electric eels (D:8)
  4 howler monkeys
  6 jellies
  11 orc priests
  2 gnoll boudas
  3 hounds
  6 iguanas
  11 orc wizards
  Robin (D:2)
  10 adders
  19 gnolls
  A white imp (D:5)
  An ufetubus (D:4)
  A worm (D:3)
  2 dart slugs
  46 orcs
  5 bats
  6 endoplasms
  12 goblins
  5 hobgoblins
  4 jackals (D:3)
  2 quokkas
  4 ball pythons
  11 frilled lizards
  7 kobolds
  6 rats
327 creatures vanquished.

Vanquished Creatures (collateral kills)
  A hydra (D:11)
  A manticore (D:11)
  2 elephants (Lair:3)
  2 trolls
  A wraith (D:10)
  3 yaks
  A steam dragon (D:8)
  An acid dragon (D:5)
  A gnoll sergeant (D:8)
  A bullfrog (D:6)
  A wight (D:6)
  An orc priest (D:5)
  An iguana (D:6)
  An adder (D:3)
  4 gnolls
  3 orcs
  A bat (D:1)
  An endoplasm (D:1)
  2 goblins
  A hobgoblin (D:4)
  5 kobolds
  A rat (D:3)
36 creatures vanquished.

Vanquished Creatures (others)
  A yak (D:8)
  A vampire mosquito zombie (D:6)
  7 yak zombies
  3 wolf zombies (Lair:3)
  4 bullfrog zombies
  An orc wizard (D:7)
  6 killer bee zombies
  An ogre zombie (Orc:2)
  An acid dragon zombie (D:10)
  A hound zombie (D:4)
  A howler monkey zombie (D:8)
  4 adder zombies (D:6)
  2 iguana zombies (D:6)
  2 bat zombies
  6 gnoll zombies
  An endoplasm zombie (D:4)
  A hobgoblin zombie (D:4)
  A kobold zombie (D:4)
  30 orc zombies
  2 fungi (Lair:3)
  10 plants
86 creatures vanquished.

Grand Total: 449 creatures vanquished

Notes
Turn   | Place    | Note
-------+----------+-------------------------------------------
     0 | D:1      | Coron the Meteoran Fighter began the quest for the Orb.
     0 | D:1      | Reached XP level 1. HP: 19/19 MP: 2/2
    41 | D:1      | Reached XP level 2. HP: 18/26 MP: 3/3
   308 | D:1      | Found a faded altar of an unknown god.
   313 | D:1      | Prayed at the altar of an unknown god.
   313 | D:1      | Became a worshipper of Yredelemnul the Dark
   313 | D:1      | Reached * piety under Yredelemnul
   324 | D:1      | Reached XP level 3. HP: 31/31 MP: 4/4
   447 | D:1      | Reached skill level 3 in Axes
   477 | D:1      | Glimpsed the power of Zot.
   510 | D:2      | Noticed Robin
   516 | D:2      | Reached XP level 4. HP: 30/40 MP: 5/5
   524 | D:2      | Killed Robin
   733 | D:3      | Reached XP level 5. HP: 16/46 MP: 6/6
   760 | D:3      | Identified the +1 ring mail "Voapp" {Harm rN++ Int+4}
   789 | D:3      | Found a glowing silver altar of Zin.
   793 | D:3      | Noticed Grinder
   805 | D:3      | Killed Grinder
   806 | D:3      | Reached skill level 4 in Axes
   806 | D:3      | Reached skill level 5 in Armour
   806 | D:3      | Reached skill level 5 in Shields
   806 | D:3      | Reached XP level 6. HP: 36/53 MP: 7/7
   806 | D:3      | Reached XP level 7. HP: 41/60 MP: 8/8
  1123 | D:4      | You fall into a shaft and drop 2 floors!
  1158 | D:6      | Reached skill level 5 in Fighting
  1168 | D:5      | Entered Level 5 of the Dungeon
  1185 | D:5      | Reached skill level 5 in Axes
  1356 | D:4      | Reached XP level 8. HP: 68/68 MP: 9/9
  1395 | D:4      | Reached skill level 6 in Axes
  1689 | D:5      | Reached ** piety under Yredelemnul
  1733 | D:5      | Reached *** piety under Yredelemnul
  1858 | D:5      | Found a staircase to the Ecumenical Temple.
  2156 | D:6      | Gained mutation: You passively map the area around you.
                  | [Meteoran growth]
  2156 | D:6      | Reached XP level 9. HP: 72/79 MP: 10/10
  2243 | D:6      | Reached skill level 7 in Axes
  2276 | D:6      | Reached skill level 8 in Axes
  2296 | D:6      | Noticed a troll
  2343 | D:6      | Reached skill level 9 in Axes
  2426 | D:7      | Reached skill level 10 in Axes
  2460 | D:7      | Reached XP level 10. HP: 12/86 MP: 11/11
  2487 | D:7      | Noticed a purple ugly thing
  2513 | D:7      | Killed a purple ugly thing
  2784 | D:7      | Reached skill level 10 in Armour
  2990 | D:7      | Found a snail-covered altar of Cheibriados.
  3207 | D:8      | Identified the +2 robe of the Moon {-Tele rC+ rN+ Dex+4}
  3282 | D:8      | Found a staircase to the Lair.
  3373 | D:8      | Reached skill level 11 in Axes
  3397 | D:8      | Found a shadowy altar of Dithmenos.
  3399 | D:8      | Found a bloodstained altar of Trog.
  3683 | D:8      | Found a white marble altar of Elyvilon.
  3775 | D:8      | Reached XP level 11. HP: 68/97 MP: 12/12
  3782 | D:8      | Reached skill level 12 in Axes
  3932 | D:9      | Noticed Maurice
  3938 | D:9      | Paralysed by Maurice for 2 turns
  3955 | D:9      | Killed Maurice
  3956 | D:9      | Reached skill level 10 in Fighting
  3986 | D:9      | Noticed Psyche
  4004 | D:9      | Killed Psyche
  4125 | D:10     | Entered Level 10 of the Dungeon
  4149 | D:10     | Reached skill level 13 in Axes
  4228 | D:10     | Found a staircase to the Orcish Mines.
  4249 | D:10     | Noticed a two-headed ogre
  4261 | D:10     | Killed a two-headed ogre
  4297 | Orc:1    | Entered Level 1 of the Orcish Mines
  4359 | Orc:1    | Noticed an orc sorcerer
  4361 | Orc:1    | Noticed an orc high priest
  4370 | Orc:1    | Reached XP level 12. HP: 87/110 MP: 13/13
  4371 | Orc:1    | Noticed a sixfirhy
  4383 | Orc:2    | Entered Level 2 of the Orcish Mines
  4404 | Orc:2    | Found a staircase to the Elven Halls.
  4486 | Orc:2    | Found Kihig's Magic Scroll Boutique.
  4505 | Orc:2    | Found a runed translucent door.
  4505 | Orc:2    | Found a shimmering altar of Xom.
  4505 | Orc:2    | Noticed ChrisAssaf1981's ghost (journeyman DjAE)
  4575 | Orc:2    | Noticed a +2 battleaxe of chaos
  4596 | Orc:2    | Bought a scroll of teleportation for 45 gold pieces
  4596 | Orc:2    | Bought a scroll of enchant armour for 112 gold pieces
  4596 | Orc:2    | Bought 2 scrolls of enchant weapon for 225 gold pieces
  4642 | Orc:2    | Noticed an orc knight
  4663 | Orc:2    | Killed an orc knight
  4667 | Orc:2    | Found Licustru's Antique Weapon Boutique.
  4758 | Orc:2    | Noticed an orc warlord
  4760 | Orc:2    | Noticed an orc knight
  4932 | D:9      | Noticed a two-headed ogre
  4940 | D:10     | Killed a two-headed ogre
  4942 | D:10     | Reached skill level 14 in Axes
  5269 | D:11     | Reached XP level 13. HP: 114/118 MP: 14/14
  5333 | D:11     | Reached skill level 15 in Axes
  5364 | D:11     | Noticed a six-headed hydra
  5378 | D:11     | Killed a four-headed hydra
  5603 | Lair:1   | Entered Level 1 of the Lair of Beasts
  5603 | Lair:1   | You fall into a shaft and drop 1 floor!
  5738 | Lair:3   | Found a staircase to the Snake Pit.
  5805 | Lair:3   | Reached skill level 10 in Shields
  5821 | Lair:3   | Found a staircase to the Swamp.
  5861 | Lair:3   | Found a gate leading to a gauntlet.
  5867 | Gauntlet | Entered a Gauntlet
  5867 | Gauntlet | Found a transporter.
  5867 | Gauntlet | Found a transporter.
  5891 | Gauntlet | Found a transporter.
  5914 | Gauntlet | Found a transporter.
  5914 | Gauntlet | Found a transporter.
  5918 | Gauntlet | Noticed a balrug
  5924 | Gauntlet | Found a transporter.
  5938 | Gauntlet | Found a transporter.
  5938 | Gauntlet | Found a transporter.
  5942 | Gauntlet | Found a transporter.
  5955 | Gauntlet | Killed a balrug
  5966 | Gauntlet | Identified the +0 helmet of Knowledge {rC+}
  5970 | Gauntlet | Noticed a death yak
  5970 | Gauntlet | Noticed a death yak
  5978 | Gauntlet | Noticed a death yak
  5980 | Gauntlet | Noticed a death yak
  5981 | Gauntlet | Noticed a death yak
  5982 | Gauntlet | Noticed a death yak
  5982 | Gauntlet | Noticed a death yak
  5982 | Gauntlet | Noticed a death yak
  5983 | Gauntlet | Found a transporter.
  6009 | Gauntlet | Found a transporter.
  6009 | Gauntlet | Found a transporter.
  6032 | Gauntlet | Reached skill level 16 in Axes
  6044 | Gauntlet | Noticed a minotaur
  6075 | Gauntlet | HP: 4/96 [minotaur/+2 mace of draining (10)]
  6075 | Gauntlet | Slain by a minotaur

Illustrated notes

Levels and vault maps discovered:
D:1:      minmay_arrival_glassed_features, layout_loops_cross,
          chequers_ecumenical_altar_simple_redux, minmay_lizard_king
D:2:      minmay_thinvault, layout_basic, st_stairs_9, uniq_sigmund,
          uniq_terence, uniq_crazy_yiuf_cottage, uniq_robin
D:3:      layout_rooms, mainiacjoe_overflow_brackets, feat_on_display,
          uniq_grinder
D:4:      minmay_polygon_palace, layout_cave_pods
D:5:      layout_basic, minmay_temple_entry_glassed_door
D:6:      kennysheep_windowed_halls, layout_loops_ring, minmay_door_square,
          glass_columns_a, abandoned_shop, nrook_mini_backslash
D:7:      layout_loops_ring, mainiacjoe_overflow_surrounded_room, minivault_27
D:8:      layout_basic, nicolae_elyvilon_temple_path,
          chequers_temple_overflow_statue_of_worship, lair_entry_dummy,
          grunt_ministairs_1, roderic_roman_lattice, kennysheep_donut
D:9:      layout_roguey, minmay_strange_pillars, nzn_random_ring, uniq_erolcha,
          uniq_maurice, uniq_psyche
D:10:     layout_loops_ring, orc_david_3
D:11:     layout_cross
Lair:1:   layout_cave_pods, infiniplex_staircase_pool
Lair:2:   layout_small_grid
Lair:3:   dragon1_lemuel, layout_regular_city, minmay_swamp_entry_wisps,
          dummy_snake_entry, gauntlet_entry_generic, wad_woods_road_05,
          serial_bayou_shore_a, lemuel_fruit_tree
Orc:1:    layout_diamond_mine, nicolae_orc_sculptors_studio
Orc:2:    grunt_orc_community_town_hall, layout_caves,
          grunt_orc_community_big_house_1, grunt_orc_community_big_house_2,
          grunt_orc_community_house_1, grunt_orc_community_house_3,
          grunt_orc_community_house_1, grunt_orc_community_house_2,
          grunt_orc_community_house_1, basic_altar, ebering_ghost_xom,
          minmay_orc_temple_a
Gauntlet: gammafunk_gauntlet_mixed_choke_point
          [minmay_gauntlet_arena_77_double_cross,
          minmay_gauntlet_arena_77_braids, minmay_gauntlet_arena_77_mirror,
          gammafunk_gauntlet_arena_teeth, minmay_gauntlet_arena_77_block_sizes,
          minmay_gauntlet_arena_77_squiggly, minmay_gauntlet_arena_77_fan,
          gauntlet_exit_green]

Skill      XL: |  1  2  3  4  5  6  7  8  9 10 11 12 13 |
---------------+----------------------------------------+-----
Shields        | 4 5 6 10 | 10.0
Armour         | 4 5 6 7 8 10 11 12 | 12.0
Axes           | 3 4 5 6 10 11 13 14 16 | 16.0
Fighting       | 4 5 7 9 11 12 13 | 13.0
Evocations     | 4 |  4.0

Action                   |  1- 3 |  4- 6 |  7- 9 | 10-12 | 13-15 || total
-------------------------+-------+-------+-------+-------+-------++-------
Melee: War axe           |    66 |    53 |    96 |   264 |   135 ||   614
       Hand axe          |       |       |   222 |   244 |    51 ||   517
Evoke: Wand              |       |       |       |     4 |     2 ||     6
  Use: Scroll            |     1 |       |     9 |    11 |     3 ||    24
       Potion            |       |       |     1 |     5 |     8 ||    14
 Stab: Distracted        |       |       |     1 |     3 |     2 ||     6
       Paralysed         |       |       |       |     4 |       ||     4
Armor: Scale mail        |    51 |    34 |   161 |   171 |       ||   417
       Chain mail        |       |       |       |   121 |    21 ||   142
       Plate armour      |       |       |       |       |    70 ||    70
Dodge: Dodged            |    22 |    21 |   168 |   273 |    69 ||   553
Block: Buckler           |    20 |    17 |   100 |   171 |       ||   308
       Kite shield       |       |       |       |    19 |   109 ||   128
